 Dungeon Crawl Stone Soup version 0.31-a0-237-g2d982f9f85 (webtiles) character file.

Game seed: 17319885827794437262

145 qw the Shooter (level 5, -2/30 HPs)
             Began as a Gargoyle Hexslinger on July 11, 2023.
             Slain by a scorpion (6 damage)
             ... on level 4 of the Dungeon.
             The game lasted 00:01:10 (2120 turns).

qw the Shooter (Gargoyle Hexslinger)                Turns: 2120, Time: 00:01:11

Health: -2/30      AC:  9    Str: 12    XL:     5   Next: 27%
Magic:  6/6        EV: 10    Int: 13    God:
Gold:   151        SH:  0    Dex: 14    Spells: 5/6 levels left

rFire   . . .        Y - +1 sling
rCold   . . .        (no shield)
rNeg    + . .        e - +0 ring mail
rPois   inf          (no helmet)
rElec   +            (no cloak)
rCorr   .            (no gloves)
SInv    .            (no boots)
Will    .....        (no amulet)
Stlth   +            (no ring)
HPRegen 0.25/turn    (no ring)
MPRegen 0.10/turn

%: no passive effects
@: no status effects
A: sickness immunity, AC +4, negative energy resistance 1, electricity
resistance, torment resistance 1, petrification resistance
a: no special abilities


You were on level 4 of the Dungeon.
You visited 1 branch of the dungeon, and saw 4 of its levels.

You collected 151 gold pieces.


Innate Abilities, Weirdness & Mutations

You are immune to sickness and miasma.
Your stone body is resilient. (AC +4)
You are immune to poison.
You resist negative energy. (rN+)
You are resistant to electric shocks. (rElec)
You are resistant to unholy torment.
You are immune to petrification.


   Skills:
 - Level 2.0 Fighting
 + Level 4.9 Ranged Weapons
 - Level 1.0 Armour
 - Level 1.5 Dodging
 - Level 1.0 Spellcasting
 - Level 2.6 Hexes


You had 5 spell levels left.
You knew the following spells:

 Your Spells              Type           Power      Damage    Failure   Level
a - Slow                  Hex            28%        N/A       22%         1

Your spell library contained the following spells:

 Spells                   Type           Power      Damage    Failure   Level
 Inner Flame              Hex/Fire       4%         N/A       73%         3
 Portal Projectile        Hex/Tloc       8%         N/A       73%         3
 Cause Fear               Hex            3%         N/A       91%         4

Inventory:

Hand Weapons
 Y - a +1 sling (weapon)
Armour
 e - a +0 ring mail (worn)
Scrolls
 c - a scroll of amnesia {unknown}
 i - a scroll of identify
Potions
 b - a potion of might {unknown}
 d - a potion of mutation {unknown}
 f - a potion of curing
 g - a potion of magic {unknown}
 h - a potion of berserk rage {unknown}
 j - a potion of cancellation {unknown}

Dungeon Overview and Level Annotations

Branches:
Dungeon (4/15)
 Temple: D:4-7

Altars:
Ashenzari
Makhleb
Trog


Message History

You feel strangely unstable. The gnoll barely misses you.
You shoot a sling bullet.
The sling bullet barely misses the gnoll.
The gnoll closely misses you. The gnoll hits you but does no damage.
You shoot a sling bullet. The sling bullet hits the gnoll.
The gnoll is heavily wounded.
Your surroundings suddenly seem different.
You pick your way through the web. 2 scorpions, an adder and 4 bats come into view.
Found two maces.
The adder hisses angrily.
The bat closely misses you.
The bat is caught in a web! x2
The bat pulls away from the web. x2
A bat comes into view.
The adder evades a web.
The bat hits the fungus.
The fungus begins to die.
The scorpion is caught in a web!
Enter note: You shoot a sling bullet.
The sling bullet hits the scorpion.
The scorpion is lightly wounded.
The bat evades a web.
The bat hits you but does no damage. x2
The bat is caught in a web!
The bat struggles to get unstuck from the web.
The bat barely misses you. The scorpion closely misses you.
The scorpion pulls away from the web.
The bat pulls away from the web.
The scorpion stings you.
You shoot a sling bullet.
The sling bullet barely misses the scorpion.
The bat hits you but does no damage. The bat barely misses you.
The bat hits you but does no damage. The bat closely misses you.
The scorpion barely misses you. The bat hits you but does no damage.
The bat hits the fungus.
The fungus begins to die.
You shoot a sling bullet. The sling bullet hits the scorpion!
The scorpion is heavily wounded.
The bat closely misses you. The bat hits you but does no damage.
The bat hits the fungus.
The bat hits you but does no damage.
The bat hits the fungus. x4; The scorpion barely misses you.
The bat hits the fungus. x2; The bat evades a web.
The bat hits you but does no damage. x2; The scorpion stings you.
You die...

## ## .
.# .
#.# #.
^. #b#
#.#
#..#
.P#
#..#s##
#s@P^#


#bbPP# ##bbS..) ##.P^.## )..^.. ......P #.PP^.P #.P..# You could see 2
scorpions, an adder and 5 bats.

Vanquished Creatures
  3 gnolls (D:4)
  4 adders
  A worm (D:3)
  5 orcs (D:3)
  6 ball pythons
  3 endoplasms
  4 giant cockroaches
  9 goblins
  7 hobgoblins
  6 jackals
  4 quokkas
  5 bats
  2 frilled lizards
  2 kobolds
  7 rats
68 creatures vanquished.

Notes
Turn   | Place    | Note
-------+----------+-------------------------------------------
     0 | D:1      | qw the Gargoyle Hexslinger began the quest for the Orb.
     0 | D:1      | Reached XP level 1. HP: 12/12 MP: 2/2
     0 | D:1      | 0 ||| qw: Version: 0.3-a-52-g30416fa
     0 | D:1      | 0 ||| qw: Game counter: 5708
     0 | D:1      | 0 ||| qw: Melee chars always use a shield: true
     0 | D:1      | 0 ||| qw: God list: Okawaru
     0 | D:1      | 0 ||| qw: Allow faded altars: false
     0 | D:1      | 0 ||| qw: Do Orc after clearing Dungeon:15 true
     0 | D:1      | 0 ||| qw: Do second Lair branch before Depths: true
     0 | D:1      | 0 ||| qw: Lair rune preference: random
     0 | D:1      | 0 ||| qw: Goals: Normal
     0 | D:1      | 0 ||| PLANNING D:1-11
    62 | D:1      | Reached XP level 2. HP: 16/16 MP: 3/3
   187 | D:1      | Reached skill level 3 in Ranged Weapons
   528 | D:1      | 528 ||| UPGRADING to +0 ring mail.
   538 | D:1      | 538 ||| DROPPING +0 robe.
   539 | D:1      | 539 ||| READING scroll labelled HODGHO PIJ ZEG.
   540 | D:1      | 540 ||| READING scroll labelled ZOMUYN VONOCASA.
   541 | D:1      | 541 ||| DRINKING 2 golden potions.
   542 | D:1      | 542 ||| DROPPING scroll of poison.
   543 | D:1      | 543 ||| DROPPING potion of degeneration.
   582 | D:2      | Reached XP level 3. HP: 21/21 MP: 4/4
  1025 | D:2      | 1025 ||| READING scroll labelled NEWEIR KEOSYACW.
  1026 | D:2      | 1026 ||| READING scroll labelled KETTEWKINN.
  1027 | D:2      | 1027 ||| READING scroll labelled DORENUDU MUKK.
  1054 | D:3      | Found a bloodstained altar of Trog.
  1059 | D:3      | 1059 ||| STAIRDANCE
  1065 | D:2      | Reached XP level 4. HP: 22/26 MP: 5/5
  1124 | D:3      | Reached skill level 4 in Ranged Weapons
  1321 | D:3      | Reached skill level 1 in Armour
  1521 | D:3      | 1521 ||| DROPPING ring of flight.
  1522 | D:3      | 1522 ||| READING scroll labelled FUHEORA NOTUJ.
  1530 | D:3      | 1530 ||| FLEEEEING.
  1531 | D:3      | 1531 ||| FLEEEEING.
  1532 | D:3      | 1532 ||| FLEEEEING.
  1533 | D:3      | 1533 ||| FLEEEEING.
  1588 | D:3      | Found a burning altar of Makhleb.
  1688 | D:3      | Found a faded altar of an unknown god.
  1737 | D:3      | Found a broken altar of Ashenzari.
  1741 | D:3      | Saw a vision of the Swamp and the Snake Pit.
  1741 | D:3      | Noticed a swamp drake
  1741 | D:3      | Noticed an alligator
  1741 | D:3      | Noticed a tyrant leech
  1741 | D:3      | Noticed a bog body
  1741 | D:3      | Noticed a vampire mosquito
  1741 | D:3      | Noticed a black mamba
  1741 | D:3      | Noticed a naga
  1741 | D:3      | Noticed a tyrant leech
  1741 | D:3      | Noticed a ghost crab
  1741 | D:3      | Noticed a spriggan rider
  1742 | D:3      | Noticed a swamp dragon
  1743 | D:3      | Noticed an anaconda
  1743 | D:3      | Noticed a naga
  1744 | D:3      | Noticed a naga ritualist
  1853 | D:3      | 1853 ||| READING scroll labelled BATIDIETYMN.
  1854 | D:3      | 1854 ||| DRINKING 2 bubbling white potions.
  2097 | D:4      | Reached XP level 5. HP: 29/30 MP: 6/6
  2114 | D:4      | HP: 5/30 [gnoll/+0 spear (5)]
  2115 | D:4      | 2115 ||| READING scroll of teleportation.
  2120 | D:4      | Slain by a scorpion

Levels and vault maps discovered:
D:1:      dreamdust_arrival_sigmund_warning, layout_rooms
D:2:      layout_basic
D:3:      layout_rooms, grunt_ashenzari_visionary
          [grunt_ashenzari_visionary_swamp, grunt_ashenzari_visionary_snake],
          bloody_makhleb, bloody_trog, serial_aquarium, aquarium_bridge_straight
          [aquarium_subvault_bridge, aquarium_subvault_window,
          aquarium_subvault_bridge, aquarium_subvault_wall],
          aquarium_bridge_square [aquarium_subvault_window,
          aquarium_subvault_bridge, aquarium_subvault_window,
          aquarium_subvault_bridge], aquarium_window_corner,
          aquarium_window_fake, aquarium_window_1, aquarium_view_4,
          aquarium_pool_2, dreamdust_ecumenical_altar_angels_and_demons,
          minivault_4
D:4:      old_forge, layout_basic, mainiacjoe_overflow_surrounded_room,
          mainiacjoe_overflow_small_starburst

Skill      XL: |  1  2  3  4 |
---------------+-------------+-----
Ranged Weapons | 3 4 |  4.9
Fighting       | 2 |  2.0
Armour         | 1 |  1.0
Dodging        | |  1.5
Spellcasting   | |  1.0
Hexes          | |  2.6

Action                     |  1- 3 |  4- 6 || total
---------------------------+-------+-------++-------
   Fire: Sling             |   150 |   142 ||   292
    Use: Scroll            |     5 |     3 ||     8
         Potion            |     1 |     1 ||     2
 Armour: Robe              |     5 |       ||     5
         Ring mail         |    56 |   100 ||   156
  Dodge: Dodged            |    92 |   104 ||   196

Table legend:
 A = Non-vault XP
 B = Vault XP
 C = Vault XP percentage of total XP
 D = Non-vault monster count
 E = Vault monster count
 F = Vault count percentage of total count
                 A         B        C        D         E       F
            +---------+---------+-------+---------+---------+-------
      Total |     208 |       0 |   0.0 |      68 |       0 |   0.0
            +---------+---------+-------+---------+---------+-------
        D:1 |      31 |       0 |   0.0 |      19 |       0 |   0.0
        D:2 |      51 |       0 |   0.0 |      22 |       0 |   0.0
        D:3 |      65 |       0 |   0.0 |      20 |       0 |   0.0
        D:4 |      61 |       0 |   0.0 |       7 |       0 |   0.0
            +---------+---------+-------+---------+---------+-------
